 Dungeon Crawl Stone Soup version 0.30-a0-1160-g6e42c06551 (webtiles) character file.

Game seed: 13486969547668613888

169 BigDaddyOpFi the Martial Artist (level 5, -11/45 HPs)
             Began as a Gnoll Wanderer on Apr 25, 2023.
             Killed by nerve-wracking pain
             ... invoked by Jessica
              (14 damage)
             ... on level 3 of the Dungeon.
             The game lasted 00:02:09 (1830 turns).

BigDaddyOpFi the Martial Artist (Gnoll Wanderer)    Turns: 1830, Time: 00:02:09

Health: -11/45     AC:  7    Str: 11    XL:     5   Next: 50%
Magic:  7/7        EV: 11    Int: 11    God:
Gold:   169        SH:  5    Dex: 14    Spells: 7/7 levels left

rFire   . . .        a - +0 mace (elec)
rCold   . . .        (no shield)
rNeg    . . .        i - +0 ring mail
rPois   .            (no helmet)
rElec   .            (no cloak)
rCorr   .            g - +1 pair of gloves
SInv    .            (no boots)
Will    .....        k - amulet of reflection
Stlth   ++           (no ring)
HPRegen 0.27/turn    (no ring)
MPRegen 0.10/turn

%: reflection
@: no status effects
A: fangs 1, strong nose, distributed training, hooves 1, robust 1
a: no special abilities


You were on level 3 of the Dungeon.
You visited 1 branch of the dungeon, and saw 3 of its levels.

You collected 169 gold pieces.

Inventory:

Hand Weapons
 a - a +0 mace of electrocution (weapon)
Missiles
 f - 2 throwing nets
Armour
 g - a +1 pair of gloves (worn)
 i - a +0 ring mail (worn)
Jewellery
 k - an amulet of reflection (around neck)
Wands
 c - a wand of polymorph (3) (quivered)
Scrolls
 b - 2 scrolls of noise
 h - 3 scrolls of identify
 j - 2 scrolls of teleportation
Potions
 d - a potion of mutation
 e - a potion of flight {unknown}
 l - a potion of haste {unknown}
 m - 2 potions of curing
 n - a potion of berserk rage {unknown}
 o - a potion of lignification {unknown}
 p - a potion of cancellation {unknown}


   Skills:
 + Level 3.0 Fighting
 + Level 1.6 Short Blades
 + Level 1.6 Long Blades
 + Level 1.6 Axes
 + Level 3.0 Maces & Flails
 + Level 1.6 Polearms
 + Level 1.6 Staves
 + Level 1.6 Ranged Weapons
 + Level 1.6 Throwing
 + Level 1.6 Armour
 + Level 3.0 Dodging
 + Level 2.8 Stealth
 + Level 1.6 Shields
 + Level 10.5 Unarmed Combat
 + Level 1.6 Spellcasting
 + Level 1.2 Conjurations
 + Level 1.2 Hexes
 + Level 1.2 Summonings
 + Level 1.2 Necromancy
 + Level 1.2 Translocations
 + Level 1.2 Transmutations
 + Level 1.2 Fire Magic
 + Level 1.2 Ice Magic
 + Level 1.2 Air Magic
 + Level 1.2 Earth Magic
 + Level 1.2 Poison Magic
 + Level 1.8 Invocations
 + Level 3.0 Evocations


You had 7 spell levels left.
You didn't know any spells.
Your spell library was empty.

Dungeon Overview and Level Annotations

Branches:
Dungeon (3/15)

Altars:

Shops:
D:1 ?   D:2 (

Annotations:
D:3 Jessica


Innate Abilities, Weirdness & Mutations

You have very sharp teeth.
Your uncanny sense of smell can sniff out nearby items.
Your experience applies equally to all skills.
You have large cloven feet.
You are robust. (+10% HP)


Message History

You kill the orc!
Found an escape hatch in the ceiling.
No target in view!
There is a stone staircase leading down here.
l - a blue potion No target in view!
You open the door.
There is an open door here.
Jessica the Apprentice Sorceress comes into view.
She is wielding a +0 club and carrying a wand of flame (12).
Jessica shouts!
Jessica is nearby!
Jessica casts a spell at you. Pain shoots through your body!
Jessica is nearby!
Jessica zaps a wand.
The puff of flame hits you.
Jessica zaps a wand.
The puff of flame misses you.
You closely miss Jessica.
Jessica zaps a wand.
The puff of flame misses you.
Jessica zaps a wand.
The puff of flame hits you!
You are too injured to fight recklessly!
You hit Jessica.
Jessica is heavily wounded.
Jessica gestures wildly while chanting.
Jessica blinks!
Jessica zaps a wand.
The puff of flame hits you!
* * * LOW HITPOINT WARNING * * *
You feel better.
Jessica gestures wildly while chanting.
Jessica seems to speed up.
Really quaff the potion of mutation?
You feel extremely strange.
You feel robust.
Your feet thicken and deform.
Jessica zaps a wand.
The puff of flame hits you!
* * * LOW HITPOINT WARNING * * *
Jessica zaps a wand.
The puff of flame hits you!
* * * LOW HITPOINT WARNING * * *
You hit Jessica.
Jessica is almost dead.
Jessica casts a spell at you. Pain shoots through your body!
You die...

### #.# #####.# #
......# #####.# .####.#
..#.... ....#.# #.#..##
.##.#.########.#...#
.##.#........#.#@..#
.##.#..#####.#.#@..#
.#..#..#.......#...#
.#.##..#.....#.#...#
.#.##...)..........#
.........#<....#...##
...##.#................
...................####
.##########......#....


You could see Jessica (fast).

Vanquished Creatures
  Terence (D:2)
  Natasha (thrice) (D:2)
  An adder (D:2)
  A worm (D:2)
  2 dart slugs (D:1)
  An orc (D:3)
  7 bats
  7 endoplasms
  3 giant cockroaches
  6 hobgoblins
  4 kobolds
  2 quokkas (D:2)
  4 ball pythons
  2 frilled lizards (D:2)
  5 goblins
  A rat (D:2)
50 creatures vanquished.

Notes
Turn   | Place    | Note
-------+----------+-------------------------------------------
     0 | D:1      | Reached skill level 10 in Unarmed Combat
     0 | D:1      | BigDaddyOpFi the Gnoll Wanderer began the quest for the
                  | Orb.
     0 | D:1      | BigDaddyOpFi set off with the following items: a +0 mace, 2
                  | potions of heal wounds, a wand of polymorph (3), a potion
                  | of mutation, a +0 robe.
     0 | D:1      | Reached XP level 1. HP: 17/17 MP: 1/1
   114 | D:1      | Reached XP level 2. HP: 23/23 MP: 2/2
   397 | D:1      | Reached XP level 3. HP: 23/28 MP: 3/3
   638 | D:1      | Found Kyvihor's Magic Scroll Boutique.
   842 | D:2      | Reached skill level 1 in Invocations
  1036 | D:2      | Reached skill level 1 in Short Blades
  1036 | D:2      | Reached skill level 1 in Long Blades
  1036 | D:2      | Reached skill level 1 in Axes
  1036 | D:2      | Reached skill level 1 in Polearms
  1036 | D:2      | Reached skill level 1 in Staves
  1036 | D:2      | Reached skill level 1 in Ranged Weapons
  1036 | D:2      | Reached skill level 1 in Throwing
  1036 | D:2      | Reached skill level 1 in Armour
  1036 | D:2      | Reached skill level 1 in Shields
  1036 | D:2      | Reached skill level 1 in Spellcasting
  1146 | D:2      | Noticed Natasha
  1161 | D:2      | Killed Natasha
  1162 | D:2      | Reached XP level 4. HP: 22/34 MP: 5/5
  1245 | D:2      | Reached skill level 1 in Conjurations
  1245 | D:2      | Reached skill level 1 in Hexes
  1245 | D:2      | Reached skill level 1 in Summonings
  1245 | D:2      | Reached skill level 1 in Necromancy
  1245 | D:2      | Reached skill level 1 in Translocations
  1245 | D:2      | Reached skill level 1 in Transmutations
  1245 | D:2      | Reached skill level 1 in Fire Magic
  1245 | D:2      | Reached skill level 1 in Ice Magic
  1245 | D:2      | Reached skill level 1 in Air Magic
  1245 | D:2      | Reached skill level 1 in Earth Magic
  1245 | D:2      | Reached skill level 1 in Poison Magic
  1265 | D:2      | Noticed Terence
  1269 | D:2      | Killed Terence
  1339 | D:2      | Noticed Natasha
  1350 | D:2      | Killed Natasha
  1351 | D:2      | Reached XP level 5. HP: 29/40 MP: 5/7
  1463 | D:2      | Found Juff's Weapon Shop.
  1490 | D:2      | Noticed Natasha
  1498 | D:2      | Killed Natasha
  1819 | D:3      | Noticed Jessica
  1828 | D:3      | Gained mutation: You are robust. (+10% HP) [potion of
                  | mutation]
  1828 | D:3      | Gained mutation: You have large cloven feet. [potion of
                  | mutation]
  1829 | D:3      | HP: 2/45 [Jessica/puff of flame (9)]
  1830 | D:3      | Killed from afar by Jessica

Illustrated notes

Levels and vault maps discovered:
D:1:      minmay_arrival_radiant_lines, layout_basic, serial_shops,
          nicolae_shop_hallway_plus, serial_forest,
          infiniplex_forest_lined_room_, infiniplex_forest_clump_tiny,
          infiniplex_forest_straight_3, infiniplex_forest_pool,
          infiniplex_forest_straight_2
D:2:      layout_loops_cross, serial_shops, shop, minmay_heptomino_w4,
          uniq_terence, uniq_natasha
D:3:      layout_basic, minmay_overflow_temple_hex, jmf_multi_god_temple2,
          uniq_jessica

Skill      XL: |  1  2  3  4  5 |
---------------+----------------+-----
Unarmed Combat | | 10.5
Invocations    | 1 |  1.8
Short Blades   | 1 |  1.6
Long Blades    | 1 |  1.6
Axes           | 1 |  1.6
Polearms       | 1 |  1.6
Staves         | 1 |  1.6
Ranged Weapons | 1 |  1.6
Throwing       | 1 |  1.6
Armour         | 1 |  1.6
Shields        | 1 |  1.6
Spellcasting   | 1 |  1.6
Conjurations   | 1 |  1.2
Hexes          | 1 |  1.2
Summonings     | 1 |  1.2
Necromancy     | 1 |  1.2
Translocations | 1 |  1.2
Transmutations | 1 |  1.2
Fire Magic     | 1 |  1.2
Ice Magic      | 1 |  1.2
Air Magic      | 1 |  1.2
Earth Magic    | 1 |  1.2
Poison Magic   | 1 |  1.2
Fighting       | 3 |  3.0
Maces & Flails | 3 |  3.0
Dodging        | 3 |  3.0
Evocations     | 3 |  3.0
Stealth        | |  2.8

Action                     |  1- 3 |  4- 6 || total
---------------------------+-------+-------++-------
  Melee: Mace              |   106 |    34 ||   140
         Bite              |     5 |     3 ||     8
         Punch             |     6 |     3 ||     9
    Use: Potion            |     3 |     2 ||     5
         Scroll            |       |     7 ||     7
   Stab: Sleeping          |     3 |     1 ||     4
 Armour: Robe              |    23 |       ||    23
         Ring mail         |       |    11 ||    11
  Dodge: Dodged            |    76 |    14 ||    90
  Block: Other             |    19 |     7 ||    26

Table legend: (Time is in decaauts)
 A = Elapsed time spent in this place.
 B = Non-inter-level travel time spent in this place.
 C = Inter-level travel time spent in this place.
 D = Time resting spent in this place.
 E = Time spent auto-exploring this place.
 F = Levels seen in this place.
 G = Mean time per level.
                   A        B        C        D        E       F      G
               +--------+--------+--------+--------+--------+-----+--------+
         Total |   1866 |   1834 |     32 |      0 |   1434 |   3 |  622.0 |
       Dungeon |   1866 |   1834 |     32 |      0 |   1434 |   3 |  622.0 |
               +--------+--------+--------+--------+--------+-----+--------+

Top non-repeatable levels by time:
     D:2: 893 daAuts
     D:1: 843 daAuts
     D:3: 130 daAuts
